Description

Testing

Replay - chrissofer - Simulacrum LE

Build Order

Get SALT Encoding   

  12  0:01  SCV  
  13  0:25  SCV  
  14  0:40  Supply Depot  
  14  0:47  SCV  
  15  1:10  SCV  
  15  1:19  Barracks  
  16  1:29  SCV  
  17  1:34  Refinery  
  17  1:52  SCV  
  18  2:15  Supply Depot, SCV  
  19  2:56  Barracks Tech Lab  
  19  3:09  Barracks x2  
  19  3:44  Marauder  
  21  4:11  SCV  
  21  4:19  Refinery  
  22  4:20  Marauder  
  25  4:34  Orbital Command  
  24  4:40  Barracks Reactor x2  
  24  4:52  Marauder  
  26  5:10  Supply Depot  
  26  5:33  Marauder  
  26  5:35  Marine x3  
  31  5:49  Supply Depot  
  31  5:57  Concussive Shells  
  31  6:11  SCV  
  32  6:28  SCV  
  33  6:30  Supply Depot  
  33  6:34  Marine x4  
  33  6:37  Marauder  
  39  7:04  Stimpack  
  39  7:14  Marine x3  
  39  7:15  Marauder  
  46  7:53  Engineering Bay x2  
  50  8:00  Marauder  
  55  8:49  Terran Infantry Weapons Level 1  
  55  8:51  Terran Infantry Armor Level 1  
  55  9:04  Marauder  
  44  9:58  Marauder  
Spawning Tool Build Advisor. Get it on Overwolf

Analysis

Testing

Go to:

Details

  • Created by: cdr255
  • Published on: Feb 17, 2020
  • Modified on: Feb 17, 2020
  • Patch: 4.11.0
Show
View Real Time Build Order
Export as new Build Order

Comments (0)

There are no comments. Be the first!

Create an account to comment!